[Event "*** Titled Tuesday Blitz"]
[Site "Chess.com"]
[Date "2020.10.20"]
[Round "10"]
[White "AndrewDGreen"]
[Black "Sacbutt"]
[Result "1-0"]
[WhiteElo "2401"]
[BlackElo "2290"]
[TimeControl "180+1"]
[EndTime "11:54:40 PDT"]
[Termination "AndrewDGreen won by resignation"]

1. d4 Nf6 2. Nf3 e6 3. Bf4 c5 4.
e3 Nc6 5. Nbd2 d5 6. c3 Bd6 7.
Bg3 O-O 8. Bd3 h6 9. Ne5 Qe7 10. f4 Bd7 11. O-O Rac8 12. Bh4 Qd8 13. Qf3 cxd4 14.
exd4 Be7 15. Rae1 Ne4 16. Nxe4 Bf6 17. Nxf6+ 1-0

[Event "*** Titled Tuesday Blitz"]
[Site "Chess.com"]
[Date "2020.10.20"]
[Round "10"]
[White "Guenplen"]
[Black "sotochess"]
[Result "1-0"]
[WhiteElo "2845"]
[BlackElo "2642"]
[TimeControl "180+1"]
[EndTime "11:54:48 PDT"]
[Termination "Guenplen won on time"]

1. d4 Nf6 2. Bf4 g6 3. e3 Bg7 4.
Nf3 O-O 5. h3 d6 6. Be2 b6 7. c3 Bb7 8. O-O Nbd7 9. Bh2 Re8 10. a4 a6 11. Na3 e5 12. Nc4 exd4 13. cxd4 Nd5 14. Rc1 1-0

[Event "*** Titled Tuesday Blitz"]
[Site "Chess.com"]
[Date "2020.10.20"]
[Round "10"]
[White "Sn00pPawn"]
[Black "kidagent"]
[Result "1-0"]
[WhiteElo "2042"]
[BlackElo "2283"]
[TimeControl "180+1"]
[EndTime "11:54:50 PDT"]
[Termination "Sn00pPawn won by resignation"]

1. e4 c5 2. Nf3 d6 3. d4 cxd4 4. Nxd4 Nf6 5. Nc3 a6 6. Bg5 e6 7. f4 Be7 8. Qf3 Qc7 9. O-O-O Nbd7 10. Bd3 b5 11. Rhe1 Bb7 12. Nd5 Nxd5 13. exd5 Bxd5 14. Qxd5 exd5 15. Bxe7 Ne5 16. fxe5 dxe5 17. Nf5 g6 18. Bd6 Qa5 19. Bxe5 O-O-O 20. Nd6+ Kd7 21. Nxf7 Qxa2 22. Nxh8 1-0

[Event "*** Titled Tuesday Blitz"]
[Site "Chess.com"]
[Date "2020.10.20"]
[Round "10"]
[White "Tenamu"]
[Black "Natalya_Buksa"]
[Result "0-1"]
[WhiteElo "2420"]
[BlackElo "2560"]
[TimeControl "180+1"]
[EndTime "11:54:53 PDT"]
[Termination "Natalya_Buksa won by resignation"]

1. d4 d5 2. Nc3 e6 3. e4 dxe4 4.
Nxe4 Nf6 5. Nxf6+ gxf6 6. Nf3 Nc6 7. Bd3 f5 8. b3 Bg7 9. Bb2 O-O 10. c3 b6 11. Qd2 Bb7 12. O-O-O a5 13. g4 fxg4 14. Ng5 h6 15. Ne4 a4 16. Rhg1 f5 17.
Ng3 axb3 18. axb3 Na5 19. Kc2 c5 20. Nh5 Qc7 21. Nxg7 Qxg7 22. Rde1 cxd4 23. c4 e5 24. Qb4 Qf6 25. f4 e4 26. Bf1 Rfc8 27. Kb1 e3 28.
Bd3 Be4 29. Kc2 Bxd3+ 30. Kxd3 Rd8 31. Rg3 Nb7 32. h3 Nc5+ 33. Ke2 d3+ 34. Kf1 Qxb2 35. Rgxe3 Ra2 36. R3e2 dxe2+ 0-1

[Event "*** Titled Tuesday Blitz"]
[Site "Chess.com"]
[Date "2020.10.20"]
[Round "10"]
[White "gliglu"]
[Black "enriquetejedor"]
[Result "1-0"]
[WhiteElo "2362"]
[BlackElo "2443"]
[TimeControl "180+1"]
[EndTime "11:55:07 PDT"]
[Termination "gliglu won by checkmate"]

1. d4 d5 2. c4 c6 3. cxd5 cxd5 4. Nc3 e6 5. Bf4 Bd6 6. Bxd6 Qxd6 7. e3 Nf6 8. f4 O-O 9. Nf3 Nc6 10. Bd3 Ne7 11. O-O a6 12. Qe2 b5 13. Rac1 Bb7 14. Ne5 Rac8 15. Qf3 b4 16. Na4 Ne4 17. Bxe4 dxe4 18. Qe2 f6 19. Nc4 Qd8 20. Nc5 Bd5 21. Nd2 f5 22.
Qxa6 Nc6 23. Nxe6 Bxe6 24. Rxc6 Rxc6 25. Qxc6 Qd5 26. Qxd5 Bxd5 27. Rc1 Ra8 28. Rc5 Bxa2 29. Rxf5 Bf7 30. Nxe4 Ra2 31. Nd6 Bg6 32. Rb5 Bd3 33.
Rb8# 1-0

[Event "*** Titled Tuesday Blitz"]
[Site "Chess.com"]
[Date "2020.10.20"]
[Round "10"]
[White "SophieNikoladze"]
[Black "bazar-wokzal"]
[Result "0-1"]
[WhiteElo "2285"]
[BlackElo "2494"]
[TimeControl "180+1"]
[EndTime "11:55:07 PDT"]
[Termination "bazar-wokzal won by resignation"]

1. d4 Nf6 2. Nf3 e6 3. e3 c5 4. b3 b6 5. Bb2 Bb7 6. Bd3 Be7 7. c4 d6 8. O-O Nbd7 9. Nc3 a6 10. Bc2 Qc7 11. d5 exd5 12. cxd5 b5 13. e4 O-O 14. Re1 Rfe8 15. a4 b4 16. Nb1 c4 17. bxc4 Qxc4 18.
Bb3 Qc7 19. Nbd2 Nc5 20. Rc1 Qd8 21. Bc4 Nfd7 22. Nb3 Nxa4 23. Bd4 Bf6 24. Bxf6 Nxf6 25. Nbd4 Nc3 26. Rxc3 bxc3 27. Qd3 Rc8 28. Nf5 Qc7 29. Bb3 c2 30. Qe3 c1=Q 0-1

[Event "*** Titled Tuesday Blitz"]
[Site "Chess.com"]
[Date "2020.10.20"]
[Round "10"]
[White "ehrenfeld"]
[Black "MisiekZielony"]
[Result "1-0"]
[WhiteElo "2468"]
[BlackElo "2273"]
[TimeControl "180+1"]
[EndTime "11:55:07 PDT"]
[Termination "ehrenfeld won by resignation"]

1. e4 Nf6 2. Nc3 d5 3. e5 Ne4 4. Nce2 Nc5 5. d4 Ne6 6. Nf3 g6 7. Nf4 Nxf4 8. Bxf4 Bg7 9. h3 O-O 10. Bd3 c5 11. c3 cxd4 12. cxd4 Qa5+ 13. Qd2 Qxd2+ 14. Kxd2 Nc6 15. Rac1 Bd7 16. Rc5 e6 17. Rhc1 Rfc8 18. a3 b6 19. R5c3 Na5 20. b4 Nc4+ 21. Bxc4 dxc4 22. Rxc4 Bb5 23. Rxc8+ 1-0

[Event "*** Titled Tuesday Blitz"]
[Site "Chess.com"]
[Date "2020.10.20"]
[Round "10"]
[White "BanjoKazooieN64"]
[Black "PauloCesarCosta_sad"]
[Result "0-1"]
[WhiteElo "2374"]
[BlackElo "2289"]
[TimeControl "180+1"]
[EndTime "11:55:08 PDT"]
[Termination "PauloCesarCosta_sad won by resignation"]

1. e4 e6 2. d4 d5 3. Nc3 Nf6 4. e5 Nfd7 5. f4 c5 6. Nf3 Nc6 7. Be3 cxd4 8. Nxd4 Bc5 9. Qd2 O-O 10. O-O-O a6 11. Qf2 Bxd4 12. Bxd4 b5 13. Bd3 Nxd4 14. Qxd4 Bb7 15. f5 exf5 16. Kb1 Re8 17. Rhe1 Qb6 18. Qxb6 Nxb6 19. Bxf5 b4 20. Ne2 g6 21. Bd3 Rxe5 22.
Nd4 Rae8 23. Rf1 Nc4 24. Nf3 R5e6 25. Ng5 R6e7 26. Rc1 Nd2+ 27. Ka1 Nxf1 28. Bxf1 Re1 0-1

[Event "*** Titled Tuesday Blitz"]
[Site "Chess.com"]
[Date "2020.10.20"]
[Round "10"]
[White "swimmerchess"]
[Black "RaunakSadhwani2005"]
[Result "1-0"]
[WhiteElo "2796"]
[BlackElo "2940"]
[TimeControl "180+1"]
[EndTime "11:55:12 PDT"]
[Termination "swimmerchess won by resignation"]

1. e4 e5 2. Nf3 Nc6 3. Bb5 Nf6 4.
O-O Nxe4 5. Re1 Nd6 6. Nxe5 Nxe5 7. Bf1 Be7 8. Rxe5 O-O 9. d4 Bf6 10. Bd3 Bxe5 11. dxe5 Ne8 12. Nc3 d6 13. Qh5 g6 14.
Qh6 Qe7 15. exd6 Nxd6 16. Nd5 Qd8 17. Bg5 f6 18. Bxg6 Qd7 19. Bxf6 Nf5 20. Bxf5 1-0

[Event "*** Titled Tuesday Blitz"]
[Site "Chess.com"]
[Date "2020.10.20"]
[Round "10"]
[White "realmadridtv"]
[Black "Buffy7"]
[Result "0-1"]
[WhiteElo "2433"]
[BlackElo "2653"]
[TimeControl "180+1"]
[EndTime "11:55:15 PDT"]
[Termination "Buffy7 won by resignation"]

1. e4 e5 2. Nf3 Nc6 3. Nc3 Nf6 4.
Be2 d5 5. exd5 Nxd5 6. O-O Nxc3 7. bxc3 Bd6 8. d4 exd4 9. cxd4 O-O 10. c4 Bf5 11.
Be3 Re8 12. c5 Bf8 13. Qb3 Na5 14. Qb4 b6 15. Ne5 Be6 16. f4 Bd5 17. Qc3 f6 18.
Nc4 Nc6 19. cxb6 cxb6 20. Bf3 Rc8 21. Qb3 Kh8 22. Bxd5 Qxd5 23. Nd2 Qxb3 24. axb3 Rxe3 0-1

[Event "*** Titled Tuesday Blitz"]
[Site "Chess.com"]
[Date "2020.10.20"]
[Round "10"]
[White "TrimitziosP7"]
[Black "Alexander_Moskalenko"]
[Result "1-0"]
[WhiteElo "2783"]
[BlackElo "2877"]
[TimeControl "180+1"]
[EndTime "11:55:18 PDT"]
[Termination "TrimitziosP7 won by checkmate"]

1. e4 c6 2. Bc4 d5 3. Bb3 e6 4. e5 Qg5 5. Nf3 Qxg2 6. Rg1 Qh3 7. d4 h6 8. Bf4 g5 9. Bg3 Ne7 10. c4 Nf5 11. Nc3 g4 12. Nd2 Nxd4 13. Ne2 Nxe2 14.
Qxe2 h5 15. O-O-O Bh6 16. f4 gxf3 17. Qe1 h4 18. Bf2 Na6 19. Kb1 Nb4 20. Ne4 Qf5 21.
Qxb4 Qxe4+ 22. Ka1 a5 23. Qc3 a4 24. Bc2 Qxc4 25.
Qxc4 dxc4 26. Bxh4 Be3 27. Rd8# 1-0

[Event "*** Titled Tuesday Blitz"]
[Site "Chess.com"]
[Date "2020.10.20"]
[Round "10"]
[White "CLG_Nemsko"]
[Black "niki_2003"]
[Result "1-0"]
[WhiteElo "2203"]
[BlackElo "1861"]
[TimeControl "180+1"]
[EndTime "11:55:19 PDT"]
[Termination "CLG_Nemsko won by checkmate"]

1. e4 c5 2. Nf3 d6 3. d4 cxd4 4. Nxd4 Nf6 5. Nc3 g6 6. Be3 Bg7 7. f3 Nc6 8. Qd2 O-O 9. O-O-O Bd7 10. g4 Ne5 11. h4 b5 12. Ndxb5 Bxb5 13. Bxb5 Nxf3 14.
Qg2 Ne5 15. h5 Nexg4 16. Bg5 h6 17. Bxf6 Ne3 18. Qh3 Bxf6 19. hxg6 Nxd1 20. Qxh6 fxg6 21. Qh7# 1-0

[Event "*** Titled Tuesday Blitz"]
[Site "Chess.com"]
[Date "2020.10.20"]
[Round "10"]
[White "ZverevLev"]
[Black "teacher4chess"]
[Result "0-1"]
[WhiteElo "2241"]
[BlackElo "2071"]
[TimeControl "180+1"]
[EndTime "11:55:21 PDT"]
[Termination "teacher4chess won by checkmate"]

1. e4 d5 2. exd5 Qxd5 3. Nc3 Qd8 4. Bc4 Nf6 5. Nf3 a6 6. Ne5 e6 7. O-O b5 8. Qf3 Ra7 9. Bb3 c5 10. d3 Bd6 11. Ng4 Qc7 12. Nxf6+ gxf6 13. Qxf6 Bxh2+ 14. Kh1 Be5 15. Qf3 Bb7 16. Qh5 Nc6 17. Bxe6 Qe7 18. Bb3 Rg8 19. Nd5 Qd6 20. f4 Bd4 21. Re1+ Kd8 22.
Qxf7 Qh6+ 23. Qh5 Qxh5# 0-1

[Event "*** Titled Tuesday Blitz"]
[Site "Chess.com"]
[Date "2020.10.20"]
[Round "10"]
[White "WiktoriaPOL"]
[Black "davigator"]
[Result "0-1"]
[WhiteElo "2088"]
[BlackElo "2363"]
[TimeControl "180+1"]
[EndTime "11:55:22 PDT"]
[Termination "davigator won by resignation"]

1. c4 e5 2. Nc3 Bb4 3. Nd5 Bc5 4. Nf3 d6 5. d4 exd4 6. Nxd4 c6 7. Nc3 Bb4 8. g3 Nf6 9. Bg2 O-O 10. O-O Re8 11. a3 Bxc3 12. bxc3 Na6 13. Bg5 h6 14. Be3 Nc5 15.
Qc2 Qe7 16. Nf5 Qe5 17. Nd4 Nce4 18. f4 Qe7 19. Bf2 a6 20. Rad1 c5 21. Nb3 Bf5 22.
Qb2 Rad8 23. h3 h5 24. Nd2 Rd7 25. Nxe4 Bxe4 26. Bxe4 Nxe4 27. Be1 Qe6 28. Kg2 Qxc4 29. g4 hxg4 30. hxg4 Nf6 31. g5 Rxe2+ 32. Rf2 Rxb2 0-1

[Event "*** Titled Tuesday Blitz"]
[Site "Chess.com"]
[Date "2020.10.20"]
[Round "10"]
[White "Gloomy_Wanderer"]
[Black "RobertoJBM"]
[Result "1-0"]
[WhiteElo "2713"]
[BlackElo "2677"]
[TimeControl "180+1"]
[EndTime "11:55:29 PDT"]
[Termination "Gloomy_Wanderer won by checkmate"]

1. d4 d5 2. c4 c6 3. cxd5 cxd5 4. Nc3 Nf6 5. Bg5 e6 6. e3 Nbd7 7. Bd3 a6 8. f4 b5 9. Nf3 Bb7 10. Ne5 Qb6 11. O-O Bd6 12. Rc1 Rc8 13. Qf3 g6 14.
Qh3 Ne4 15. Bxe4 dxe4 16. Nxg6 Rg8 17. f5 hxg6 18. fxe6 Bxh2+ 19. Kxh2 Qxe6 20. Qxe6+ fxe6 21. Nxe4 Rxc1 22. Nd6# 1-0

[Event "*** Titled Tuesday Blitz"]
[Site "Chess.com"]
[Date "2020.10.20"]
[Round "10"]
[White "Flopezin"]
[Black "ajedrezhoy"]
[Result "1-0"]
[WhiteElo "2352"]
[BlackElo "2217"]
[TimeControl "180+1"]
[EndTime "11:55:30 PDT"]
[Termination "Flopezin won by resignation"]

1. c4 e6 2. Nf3 d5 3. e3 Nf6 4.
b3 c5 5. Bb2 Be7 6. g3 O-O 7.
Bg2 Nc6 8. O-O d4 9. exd4 cxd4 10.
d3 e5 11. Re1 Nd7 12. Nbd2 a5 13. a3 f6 14. Bh1 Nc5 15. Ne4 Bf5 16. Nxc5 Bxc5 17.
Re2 Qb6 18. Ne1 Rfe8 19. Be4 Bxe4 20. Rxe4 Re7 21. Ng2 Rae8 22. Qc2 Nd8 23. Rae1 Qd6 24. Qc1 Nf7 25. f4 exf4 26. Rxe7 Rxe7 27. Nxf4 Ne5 28.
b4 Nf3+ 29. Kf2 Rxe1 30. bxc5 Rd1 31. cxd6 Rxc1 32. d7 Rc2+ 33. Kxf3 Rxb2 34. d8=Q+ 1-0

[Event "*** Titled Tuesday Blitz"]
[Site "Chess.com"]
[Date "2020.10.20"]
[Round "10"]
[White "GoltsevDmitry2000"]
[Black "dropstoneDP"]
[Result "0-1"]
[WhiteElo "2694"]
[BlackElo "2848"]
[TimeControl "180+1"]
[EndTime "11:55:48 PDT"]
[Termination "dropstoneDP won by resignation"]

1. e4 c6 2. d4 d5 3. exd5 cxd5 4. Nf3 Nf6 5. Be2 Bg4 6. O-O e6 7. Bf4 Bd6 8. Be5 Nc6 9. Re1 O-O 10. Bxd6 Qxd6 11.
c3 Ne4 12. Nbd2 f5 13. Nf1 Rf6 14. Ne3 Rh6 15. Nf1 Rf8 16. h3 Rff6 17. hxg4 fxg4 18.
N3h2 Nxf2 19. Qd2 g3 20. Bf3 gxh2+ 21. Nxh2 Ne4 22. Qxh6 Rxh6 23. Ng4 Rh4 24. Re2 h5 25. Nf2 Qh2+ 26. Kf1 Ng3+ 0-1

[Event "*** Titled Tuesday Blitz"]
[Site "Chess.com"]
[Date "2020.10.20"]
[Round "10"]
[White "KerryStead"]
[Black "shaheus"]
[Result "0-1"]
[WhiteElo "2022"]
[BlackElo "2175"]
[TimeControl "180+1"]
[EndTime "11:55:52 PDT"]
[Termination "shaheus won by resignation"]

1. d4 Nf6 2. f3 g6 3. e4 d6 4. Be3 Bg7 5. Qd2 O-O 6. Ne2 a6 7. a4 Nc6 8. Nec3 e5 9. d5 Nd4 10. Na3 Nh5 11. O-O-O c5 12. dxc6 bxc6 13. Nc4 d5 14.
Na3 Be6 15. Kb1 Qb6 16. Na2 Rab8 17. c3 Qb3 18. Ka1 dxe4 19. Nc1 Qxa4 20. cxd4 exd4 21. Bxd4 Rfd8 22. Be2 Bxd4 23. fxe4 Qxa3+ 24. Kb1 Rxb2+ 0-1

[Event "*** Titled Tuesday Blitz"]
[Site "Chess.com"]
[Date "2020.10.20"]
[Round "10"]
[White "Iskusnyh"]
[Black "mamey78"]
[Result "1-0"]
[WhiteElo "2562"]
[BlackElo "2413"]
[TimeControl "180+1"]
[EndTime "11:55:53 PDT"]
[Termination "Iskusnyh won by resignation"]

1. d4 d5 2. c4 c6 3. Nf3 Nf6 4.
e3 e6 5. b3 Nbd7 6. Bd3 b6 7.
O-O Bb7 8. Bb2 Bd6 9. Nbd2 c5 10. cxd5 exd5 11. Ne5 O-O 12. f4 Ne4 13. Nxe4 dxe4 14. Bc4 Nf6 15. Ng4 Be7 16. Qe2 cxd4 17. Bxd4 Nxg4 18.
Qxg4 Bf6 19. Rad1 Bxd4 20. Rxd4 Qf6 21. Qg5 Qxg5 22. fxg5 Bc6 23. Rd6 Rac8 24. Ba6 Rfd8 25. Rfd1 1-0

[Event "*** Titled Tuesday Blitz"]
[Site "Chess.com"]
[Date "2020.10.20"]
[Round "10"]
[White "lacafi"]
[Black "Wilver92"]
[Result "0-1"]
[WhiteElo "2115"]
[BlackElo "2399"]
[TimeControl "180+1"]
[EndTime "11:55:57 PDT"]
[Termination "Wilver92 won by resignation"]

1. d4 Nf6 2. Nf3 e6 3. e3 d5 4. Bd3 Be7 5. Qe2 O-O 6. Nbd2 b6 7. O-O c5 8. c3 a5 9. e4 Ba6 10. e5 Nfd7 11. Re1 Bxd3 12. Qxd3 Nc6 13. Nf1 cxd4 14. cxd4 Nb4 15. Qb5 Nc2 16. Be3 Nxa1 17. Rxa1 Rc8 18.
h3 Qc7 19. Ng3 Qc6 20. Qa6 b5 21. Qxa5 b4 22. Rc1 Qb7 23. Rxc8 Rxc8 24. Qa4 Ra8 25. Qb3 Qa6 26. Qc2 Qxa2 27. Bg5 Bxg5 28. Nxg5 Nf8 29. Qc5 h6 30. Nf3 Qxb2 31. Nh5 Ra2 0-1

[Event "*** Titled Tuesday Blitz"]
[Site "Chess.com"]
[Date "2020.10.20"]
[Round "10"]
[White "Chernobay_Artem"]
[Black "TheBigBoss04"]
[Result "1-0"]
[WhiteElo "2601"]
[BlackElo "2718"]
[TimeControl "180+1"]
[EndTime "11:56:06 PDT"]
[Termination "Chernobay_Artem won by checkmate"]

1. d4 Nf6 2. c4 g6 3. Nc3 Bg7 4. e4 d6 5. Nf3 O-O 6. Be2 Nbd7 7.
O-O e5 8. Be3 Ng4 9. Bg5 f6 10.
Bh4 Nh6 11. Qd2 Nf7 12. Rad1 h5 13. h3 g5 14. Bg3 c6 15. b4 Qe7 16. c5 dxc5 17.
dxc5 Re8 18. Bc4 Kh7 19. Qe2 Nf8 20. Ne1 Kh6 21. Nc2 a5 22. b5 Ng6 23. Ne3 Nf4 24. Qf3 Kg6 25. Nf5 Bxf5 26. exf5+ Kh6 27. Bxf4 exf4 28. Be2 Kh7 29. Qxh5+ Kg8 30. Bc4 Rf8 31.
Rd6 Rad8 32. Rfd1 Rxd6 33. cxd6 Qe5 34. d7 Qxc3 35. Bxf7+ Rxf7 36. d8=Q+ Bf8 37. Qe8 Rg7 38. Qxf8+ Kxf8 39. Rd8+ Ke7 40. Qe8# 1-0

[Event "*** Titled Tuesday Blitz"]
[Site "Chess.com"]
[Date "2020.10.20"]
[Round "10"]
[White "MIJuanReyesRosa"]
[Black "enriquebutti"]
[Result "1-0"]
[WhiteElo "2102"]
[BlackElo "1997"]
[TimeControl "180+1"]
[EndTime "11:56:06 PDT"]
[Termination "MIJuanReyesRosa won by resignation"]

1. d4 Nf6 2. Nf3 g6 3. c4 Bg7 4.
Nc3 O-O 5. e4 d6 6. Be2 e5 7.
dxe5 dxe5 8. Qxd8 Rxd8 9. Bg5 Re8 10. Nd5 Nxd5 11. cxd5 c6 12. O-O cxd5 13. exd5 e4 14. Nd2 Bxb2 15. Rab1 Bg7 16. Nc4 Na6 17. Rfd1 Bf8 18.
Ne3 f5 19. Bb5 Re5 20. Bf4 Bd6 21. Bxe5 Bxe5 22. d6 Be6 23. Bc4 Kf7 24. Rxb7+ 1-0

[Event "*** Titled Tuesday Blitz"]
[Site "Chess.com"]
[Date "2020.10.20"]
[Round "10"]
[White "sergeikim"]
[Black "TheCastleHunter"]
[Result "1/2-1/2"]
[WhiteElo "2533"]
[BlackElo "2380"]
[TimeControl "180+1"]
[EndTime "11:56:16 PDT"]
[Termination "Game drawn by agreement"]

1. d4 Nf6 2. c4 e6 3. Nc3 d5 4. Nf3 Be7 5. Bf4 b6 6. e3 Bb7 7. cxd5 exd5 8. Bd3 O-O 9. Ne5 c5 10. O-O Nc6 11. Bf5 Bd6 12. Rc1 Re8 13. Nxc6 Bxc6 14. Bg5 h6 15. Bh4 Be7 16. dxc5 bxc5 17. Qf3 Ne4 18.
Bxe7 Qxe7 19. Bxe4 dxe4 20. Qh5 Rab8 21. b3 Red8 22.
Rfd1 Rxd1+ 23. Nxd1 Rd8 24. h3 Rd2 1/2-1/2

[Event "*** Titled Tuesday Blitz"]
[Site "Chess.com"]
[Date "2020.10.20"]
[Round "10"]
[White "Heineccius"]
[Black "German_Bazeev"]
[Result "0-1"]
[WhiteElo "2542"]
[BlackElo "2716"]
[TimeControl "180+1"]
[EndTime "11:56:19 PDT"]
[Termination "German_Bazeev won by resignation"]

1. d4 Nf6 2. c4 e6 3. Nc3 Bb4 4. g3 d5 5. Bg2 O-O 6. Nf3 c5 7. O-O dxc4 8. dxc5 Nc6 9. Na4 e5 10. Qc2 h6 11. Rd1 Qe7 12. Qxc4 Be6 13. Qh4 e4 14. Nd4 Bc4 15. Be3 Rad8 16. b3 Ba6 17. Nf5 Qe5 18.
Bh3 Bxe2 19. Rxd8 Qxa1+ 0-1

[Event "*** Titled Tuesday Blitz"]
[Site "Chess.com"]
[Date "2020.10.20"]
[Round "10"]
[White "GM_Levan_Pantsulaia"]
[Black "UmbertoConcelli"]
[Result "1-0"]
[WhiteElo "2867"]
[BlackElo "2727"]
[TimeControl "180+1"]
[EndTime "11:56:20 PDT"]
[Termination "GM_Levan_Pantsulaia won by resignation"]

1. Nf3 d5 2. g3 g6 3. c4 dxc4 4. Na3 Bg7 5. Nxc4 Nc6 6. d3 e5 7. Bg2 e4 8. dxe4 Qxd1+ 9. Kxd1 Nf6 10. Nfe5 Nxe5 11. Nxe5 Nxe4 12. Bxe4 Bxe5 13. Kc2 c6 14. f4 Bg7 15. Bf3 f5 16. Be3 Be6 17. Rad1 Kf7 18. Bd4 Rhd8 19. Bxg7 Kxg7 20. a3 a5 21. Kc3 Kf6 22.
e4 fxe4 23. Bxe4 Bg4 24. Rxd8 Rxd8 25. h3 Be6 26. g4 h6 27. Re1 b6 28. Bxg6 c5 29. Bd3 Bf7 30. h4 Rd4 31. g5+ Kg7 32.
Re7 Kf8 33. Re4 1-0

[Event "*** Titled Tuesday Blitz"]
[Site "Chess.com"]
[Date "2020.10.20"]
[Round "10"]
[White "Colombiano07"]
[Black "AliKa2810"]
[Result "0-1"]
[WhiteElo "2237"]
[BlackElo "2569"]
[TimeControl "180+1"]
[EndTime "11:56:21 PDT"]
[Termination "AliKa2810 won by resignation"]

1. c4 Nf6 2. Nc3 e5 3. d3 Bb4 4. Bd2 O-O 5. Nf3 Re8 6. e4 d6 7. Be2 Bg4 8. O-O Nc6 9. Ne1 Bxe2 10. Qxe2 Nd4 11. Qd1 c6 12. Ne2 Bxd2 13. Qxd2 Nd7 14.
Nxd4 exd4 15. f4 f5 16. exf5 Qf6 17. g4 Nc5 18. Ng2 a5 19. Rae1 b6 20. Rxe8+ Rxe8 21. Re1 Rxe1+ 22. Nxe1 Qe7 23. Kf2 Qh4+ 24. Kg2 Qxg4+ 25.
Kf2 Qxf5 26. Qe2 Kf7 27. Qf3 h6 28. Qxc6 Qxf4+ 29. Kg2 Qd2+ 30. Kf1 Qf4+ 31. Kg2 Kg6 32. Qxb6 Qd2+ 33. Kf1 Kh7 34. Qxd6 Nxd3 35. Qg3 Nxb2 36.
c5 d3 37. c6 Qe2+ 38. Kg1 d2 0-1

[Event "*** Titled Tuesday Blitz"]
[Site "Chess.com"]
[Date "2020.10.20"]
[Round "10"]
[White "JiiHart"]
[Black "LubovMarkelova"]
[Result "1-0"]
[WhiteElo "2084"]
[BlackElo "2222"]
[TimeControl "180+1"]
[EndTime "11:56:21 PDT"]
[Termination "JiiHart won by resignation"]

1. e4 e6 2. d4 d5 3. Nc3 Nf6 4. Bg5 dxe4 5. Nxe4 Nbd7 6. Nf3 h6 7. Bxf6 Nxf6 8. Nxf6+ Qxf6 9. Bd3 Bd6 10. Qe2 O-O 11.
O-O-O c5 12. Kb1 cxd4 13. Nxd4 e5 14. Nb5 Bb8 15. h4 a6 16. Nc3 Be6 17. h5 Rd8 18. Qe4 Ba7 19. Qh7+ Kf8 20. Ne4 Qf5 21. Qh8+ Ke7 22. Qxg7 Rg8 23. Qxh6 Rh8 24. Qd2 Rxh5 25. Ng3 1-0

[Event "*** Titled Tuesday Blitz"]
[Site "Chess.com"]
[Date "2020.10.20"]
[Round "10"]
[White "pedro_nascimento85"]
[Black "TrenerChos"]
[Result "0-1"]
[WhiteElo "2008"]
[BlackElo "2168"]
[TimeControl "180+1"]
[EndTime "11:56:21 PDT"]
[Termination "TrenerChos won by resignation"]

1. d4 Nf6 2. c4 e6 3. Nc3 Bb4 4. e3 O-O 5. Ne2 d5 6. a3 Be7 7. Ng3 b6 8. Bd3 Bb7 9. O-O c5 10. Qe2 Nc6 11. dxc5 bxc5 12. Rd1 d4 13. Nce4 Ne5 14. Nxf6+ Bxf6 15. exd4 Nxd3 16. Rxd3 Bxd4 17. Rb1 Qc7 18. b4 Ba6 19. b5 Bb7 20. Ne4 f5 21.
Ng3 e5 22. Nf1 Be4 23. Be3 Bxd3 24. Qxd3 Rad8 25. Bxd4 Rxd4 26. Qc2 f4 27. f3 Qf7 28. Nd2 Rfd8 29. Ne4 Qxc4 30. Qxc4+ Rxc4 31. h3 Rd3 32. b6 axb6 33. Rxb6 Rc1+ 34. Kh2 Rdd1 35. g3 Rc2+ 0-1

[Event "*** Titled Tuesday Blitz"]
[Site "Chess.com"]
[Date "2020.10.20"]
[Round "10"]
[White "GiantThresher"]
[Black "Kildepiotr"]
[Result "1-0"]
[WhiteElo "2826"]
[BlackElo "2663"]
[TimeControl "180+1"]
[EndTime "11:56:23 PDT"]
[Termination "GiantThresher won by resignation"]

1. e4 g6 2. d4 Bg7 3. Nc3 c6 4. Be3 d5 5. f3 dxe4 6. fxe4 Nf6 7. Nf3 Ng4 8. Bg1 e5 9. d5 O-O 10. h3 Nf6 11. dxc6 Nxc6 12. Qxd8 Rxd8 13. Bc4 Nd4 14. O-O-O Be6 15. Bxe6 Nxe6 16. Rxd8+ Rxd8 17. Bxa7 Nf4 18. g3 N4h5 19. Bf2 Ne8 20. Rd1 Rxd1+ 21. Kxd1 Nd6 22. Ke2 f6 23. Kd3 f5 24. Nd2 Bh6 25. Nc4 Nxc4 26. Kxc4 Bc1 27. b4 Kf7 28. a4 Ke6 29. a5 Nf6 30. exf5+ gxf5 31. b5 Kd7 32. a6 bxa6 33.
bxa6 Kc6 34. Nb5 Ne4 35. a7 Kb7 36. Nc7 Nd6+ 37. Kd5 1-0

[Event "*** Titled Tuesday Blitz"]
[Site "Chess.com"]
[Date "2020.10.20"]
[Round "10"]
[White "SCIM"]
[Black "ChelsieMonica"]
[Result "1-0"]
[WhiteElo "2473"]
[BlackElo "2353"]
[TimeControl "180+1"]
[EndTime "11:56:31 PDT"]
[Termination "SCIM won by resignation"]

1. d4 Nf6 2. c4 e6 3. Nf3 b6 4. a3 Bb7 5. Nc3 Be7 6. d5 d6 7. e4 e5 8. Be2 Nbd7 9. Be3 a5 10. Nd2 h5 11. b3 h4 12. h3 Nf8 13. b4 Ng6 14. O-O Nf4 15. Bf3 g5 16. c5 Rg8 17.
cxb6 cxb6 18. Nc4 Rc8 19. Bxb6 Qd7 20. Qb3 g4 21. hxg4 Nxg4 22. Bxa5 Rxc4 23. Qxc4 Nh3+ 24. Kh1 Nhxf2+ 25. Rxf2 Nxf2+ 26. Kg1 Nh3+ 27. Kf1 Nf4 28. Qc7 Qxc7 29. Bxc7 Kd7 30. Bb6 h3 31. gxh3 Nxh3 32. a4 Rg1+ 33. Bxg1 Nxg1 34. Kxg1 1-0

[Event "*** Titled Tuesday Blitz"]
[Site "Chess.com"]
[Date "2020.10.20"]
[Round "10"]
[White "WIDBIFS"]
[Black "eljanov"]
[Result "0-1"]
[WhiteElo "2771"]
[BlackElo "2896"]
[TimeControl "180+1"]
[EndTime "11:56:33 PDT"]
[Termination "eljanov won by resignation"]

1. d4 Nf6 2. Nf3 e6 3. Bf4 d5 4. e3 Bd6 5. Bg3 O-O 6. Nbd2 c5 7. c3 Qc7 8. Bd3 Nbd7 9. Qc2 e5 10. dxe5 Nxe5 11.
Nxe5 Bxe5 12. Bh4 Kh8 13. Nf3 c4 14. Bf5 Re8 15. O-O Ne4 16. Bxe4 dxe4 17. Nxe5 Qxe5 18. Rad1 Bg4 19. Rd4 b5 20. Qd2 a6 21. h3 Be6 22.
Rd1 Qf5 23. Qc2 Qh5 24. Qxe4 h6 25. Qf4 Qg6 26. Bg3 Qc2 27. R4d2 Qg6 28. Kh2 Bf5 29. Rd6 f6 30. R1d4 Bd3 31. f3 Bb1 32. e4 Bxa2 0-1

[Event "*** Titled Tuesday Blitz"]
[Site "Chess.com"]
[Date "2020.10.20"]
[Round "10"]
[White "GregShahade"]
[Black "scarabee43"]
[Result "0-1"]
[WhiteElo "2647"]
[BlackElo "2522"]
[TimeControl "180+1"]
[EndTime "11:56:33 PDT"]
[Termination "scarabee43 won by resignation"]

1. e4 c5 2. Nf3 e6 3. d4 cxd4 4. Nxd4 Nc6 5. Nc3 Qc7 6. Be3 a6 7. Qf3 Nf6 8. O-O-O Be7 9. Kb1 O-O 10. g4 d6 11.
Nxc6 Qxc6 12. g5 Nd7 13. h4 b5 14. Qg3 Bb7 15. Bd3 Rac8 16. h5 Ne5 17. Rc1 Nc4 18.
Ne2 d5 19. exd5 Qxd5 20. Rhd1 Nxe3 21. Bxh7+ Kxh7 22. Rxd5 Nxd5 23. g6+ Kg8 24. h6 Bf6 25. hxg7 Bxg7 26. Qh3 fxg6 27. Qxe6+ Rf7 28. Qxg6 Rc6 29.
Qg4 Rcf6 30. Ng3 Rxf2 31. Nh5 Nf6 32. Nxf6+ R2xf6 33. a3 Bf3 34. Qc8+ Rf8 35. Qb7 Bxb7 0-1